 Dungeon Crawl Stone Soup version 0.26-a0-712-ga5a9c9c9d0 (webtiles) character file.

Game seed: 13187382744780234946

8162 kae the Martial Artist (level 11, -8/75 HPs)
             Began as a Demonspawn Transmuter on Nov 10, 2020.
             Was an Elder of Hepliaklqana.
             Mangled by a wyvern (11 damage)
             ... on level 11 of the Dungeon.
             The game lasted 00:11:26 (13767 turns).

kae the Martial Artist (Demonspawn Transmuter)     Turns: 13767, Time: 00:11:27

Health: -8/75      AC: 10    Str: 13    XL:     11   Next: 6%
Magic:  3/15       EV:  9    Int: 16    God:    Hepliaklqana [****..]
Gold:   604        SH:  0    Dex: 13    Spells: 3/16 levels left

rFire    x . .     SeeInvis +     - Unarmed
rCold    + + +     Faith    .   (shield currently unavailable)
rNeg     . . .     Spirit   .   (armour currently unavailable)
rPois    +         Reflect  .   (helmet currently unavailable)
rElec    .         Harm     .   (cloak currently unavailable)
rCorr    .         Rampage  .   (gloves currently unavailable)
MR       .....                  (boots currently unavailable)
Stlth    +.........             j - amulet of the acrobat
HPRegen  0.22/turn              b - +4 ring of protection
MPRegen  0.14/turn              A - ring of see invisible

@: ice-form, very slightly contaminated, drained
A: large, reduced essence, demonic guardian 1, powered by death 2
a: End Transformation, Recall Ancestor, Ancestor Identity, Transference,
Idealise, Renounce Religion


You were on level 11 of the Dungeon.
You worshipped Hepliaklqana.
Hepliaklqana was greatly pleased with you.
You were a creature of crystalline ice.
You visited 1 branch of the dungeon, and saw 11 of its levels.

You collected 604 gold pieces.

Inventory:

Hand Weapons
 c - a +1 whip of flaming
Armour
 a - a +1 robe (melded)
 r - the +2 hat of the Bear Spirit (melded) {Spirit, +Rage rN+ MR++}
   (You acquired it on level 6 of the Dungeon)

   It protects you from negative energy.
   It affects your resistance to hostile enchantments.
   It lets you go berserk.
Jewellery
 b - a +4 ring of protection (left front paw)
 i - an uncursed ring of magical power
 j - an amulet of the acrobat (around neck)
 t - an uncursed amulet of faith
 z - an uncursed ring of wizardry {unknown}
 A - a ring of see invisible (right front paw)
 C - an uncursed ring of protection from magic {unknown}
Wands
 n - a wand of paralysis (15)
 u - a wand of random effects (23)
 y - a wand of iceblast (9)
 B - a wand of disintegration (17)
Scrolls
 e - a scroll of amnesia
 f - 3 scrolls of teleportation
 h - 4 scrolls of fog
 k - 2 scrolls of fear
 l - 2 scrolls of enchant weapon
 q - 3 scrolls of blinking
 s - 4 scrolls of identify
 v - 2 scrolls of remove curse
 w - a scroll of magic mapping
Potions
 d - 2 potions of ambrosia
 g - 2 potions of mutation
 m - 2 potions of stabbing
 o - a potion of lignification
 p - a potion of resistance
 x - a potion of might


   Skills:
 - Level 1.0(0.0) Fighting
 - Level 1.7(0.7) Dodging
 + Level 10.7(9.4) Unarmed Combat
 - Level 3.0(1.9) Spellcasting
 + Level 10.5(9.2) Transmutations
 - Level 4.0(2.9) Ice Magic
 - Level 3.0(1.9) Poison Magic


You had 3 spell levels left.
You knew the following spells:

 Your Spells              Type           Power        Failure   Level
a - Beastly Appendage     Tmut           ####..       1%          1
b - Spider Form           Tmut/Pois      ###.......   6%          3
c - Blade Hands           Tmut           ####......   13%         5
d - Ice Form              Ice/Tmut       ###.....     17%         4

Your spell library contained the following spells:

 Spells                   Type           Power        Failure   Level
 Wereblood                Tmut           ####....     1%          2
 Freeze                   Ice            ##..         6%          1
 Frozen Ramparts          Ice            ##....       19%         3
 Ozocubu's Armour         Ice            ##......     19%         3
 Animate Skeleton         Necr           #.....       22%         1
 Apportation              Tloc           #.....       22%         1
 Corona                   Hex            #......      22%         1
 Summon Small Mammal      Summ           #...         22%         1
 Slow                     Hex            #.......     32%         2
 Hailstorm                Conj/Ice       #.......     75%         4
 Summon Ice Beast         Ice/Summ       #.......     75%         4
 Cause Fear               Hex            #.........   91%         4
 Metabolic Englaciation   Hex/Ice        #.........   97%         5


Dungeon Overview and Level Annotations

Branches:
Dungeon (11/15)            Temple (0/1) D:4             Orc (0/2) D:10
   Lair: D:8-11

Altars:
Ashenzari
Cheibriados
Dithmenos
Fedhas
Gozag
Hepliaklqana
Nemelex Xobeh
Trog
Xom
Yredelemnul
The Shining One

Shops:
D:9 =:*

Annotations:
D:7 5 runed translucent doors
D:10 Erolcha


Innate Abilities, Weirdness & Mutations

((You have razor-sharp toenails.))
A weak demonic guardian rushes to your aid.
You regenerate health from kills.
((You are partially covered in razor-sharp scales. (AC +1, Slay +1)))
Your life essence is reduced to manifest your ancestor. (-10% HP)


Message History

Octavia hits the wyvern with a +0 dagger of draining.
Your shadow imp closely misses the wyvern.
The wyvern bites you. x2
Octavia barely misses the wyvern.
The wyvern bites you.
* * * LOW HITPOINT WARNING * * *
Your shadow imp closely misses the wyvern.
The wyvern completely misses you.
You punch the wyvern! You freeze the wyvern.
You kill the wyvern!
The wyvern bites you!
* * * LOW HITPOINT WARNING * * *
Your shadow imp closely misses the wyvern.
You hit the wyvern. You freeze the wyvern.
The wyvern is lightly wounded.
The wyvern bites you!
* * * LOW HITPOINT WARNING * * *
Octavia points at the wyvern and mumbles some strange words.
The wyvern resists with some effort.
Your shadow imp hits the wyvern.
The wyvern bites you!
You die...

............#
............+
##..........###########.
.#......................
##......................
#.....#+######..........
#.....# #...5......
......# #..Rl..# ......#
#..Y...# ......#
#......#
......########......#
..).....)........[..#
.......))...........#
#####...............#
#...............#
#.................
#........###......


You could see the friendly Octavia the hexer, a wyvern and a friendly shadow imp
(summoned).

Vanquished Creatures
  A two-headed ogre (D:8)
  Urug (D:10)
  Sonja (D:10)
  An ugly thing (D:11)
  A centaur zombie (D:10)
  Psyche (D:9)
  A shadow (D:10)
  4 wyverns
  A yak (D:10)
  3 water moccasins
  4 orc warriors
  A black bear (D:10)
  A necrophage (D:11)
  A phantom (D:9)
  2 ogres
  3 centaurs
  2 big kobolds
  3 bullfrogs
  2 scorpions (D:9)
  3 wights (D:10)
  11 killer bees
  3 howler monkeys
  3 crimson imps (D:4)
  A bullfrog zombie (D:9)
  4 hounds
  3 bullfrog skeletons
  8 orc priests
  7 orc wizards
  3 iguanas
  9 worker ants
  A hound zombie (D:3)
  4 worker ant zombies
  4 gnolls (D:2)
  13 adders
  A shadow imp (D:10)
  A white imp (D:5)
  2 ufetubi
  2 oozes
  4 adder skeletons
  3 adder zombies
  4 worms
  3 dart slugs
  5 leopard geckos
  23 orcs
  A ball python (D:1)
  8 giant cockroaches
  7 goblins
  7 hobgoblins
  5 jackals
  13 kobolds
  5 quokkas
  6 bats
  8 frilled lizards
  2 jackal skeletons
  A jackal zombie (D:5)
  A leopard gecko zombie (D:8)
  5 rats
228 creatures vanquished.

Vanquished Creatures (collateral kills)
  A wyvern (D:11)
  A sky beast (D:6)
  2 ogres
  A bullfrog (D:8)
  A crimson imp (D:4)
  A bullfrog zombie (D:11)
  A bullfrog skeleton (D:9)
  A hound (D:11)
  An orc priest (D:8)
  3 orc wizards
  An iguana (D:9)
  A hound skeleton (D:7)
  An adder (D:8)
  An ufetubus (D:5)
  13 orcs
  2 quokkas
  A kobold (D:9)
33 creatures vanquished.

Vanquished Creatures (others)
  4 hexers
  10 plants (D:11)
  2 withered plants (D:3)
16 creatures vanquished.

Grand Total: 277 creatures vanquished

Notes
Turn   | Place    | Note
-------+----------+-------------------------------------------
     0 | D:1      | kae the Demonspawn Transmuter began the quest for the Orb.
     0 | D:1      | Reached XP level 1. HP: 15/15 MP: 3/3
   770 | D:1      | Gained mutation: You regenerate a little health from kills.
                  | [demonic ancestry]
   770 | D:1      | Reached XP level 2. HP: 6/21 MP: 3/5
  2151 | D:2      | Found a snail-covered altar of Cheibriados.
  2173 | D:2      | Gained mutation: You are partially covered in razor-sharp
                  | scales. (AC +1, Slay +1) [demonic ancestry]
  2173 | D:2      | Reached XP level 3. HP: 16/26 MP: 6/6
  2178 | D:2      | Learned a level 3 spell: Spider Form
  2775 | D:2      | Reached skill level 1 in Poison Magic
  2775 | D:2      | Gained mutation: A weak demonic guardian rushes to your
                  | aid. [demonic ancestry]
  2775 | D:2      | Reached XP level 4. HP: 32/32 MP: 6/8
  4557 | D:3      | Reached XP level 5. HP: 31/37 MP: 7/9
  4821 | D:3      | Found an opulent altar of Gozag.
  4822 | D:3      | Found a glowing golden altar of the Shining One.
  4822 | D:3      | Found a broken altar of Ashenzari.
  4825 | D:3      | Found a sparkling altar of Nemelex Xobeh.
  5786 | D:4      | Gained mutation: You regenerate health from kills. [demonic
                  | ancestry]
  5786 | D:4      | Reached XP level 6. HP: 32/43 MP: 10/10
  6107 | D:4      | Found a hazy altar of Hepliaklqana.
  6211 | D:4      | Became a worshipper of Hepliaklqana the Forgotten
  6400 | D:4      | Found a shimmering altar of Xom.
  6437 | D:4      | Reached XP level 7. HP: 14/43 MP: 11/11
  6700 | D:4      | Found a staircase to the Ecumenical Temple.
  6729 | D:5      | Entered Level 5 of the Dungeon
  6835 | D:5      | Reached skill level 5 in Unarmed Combat
  7056 | D:5      | Identified Sif Muna's Tome of the Enthralling Escort
  7083 | D:5      | Found a blossoming altar of Fedhas.
  7250 | D:5      | Reached * piety under Hepliaklqana
  7389 | D:5      | Reached skill level 5 in Transmutations
  7864 | D:6      | Reached XP level 8. HP: 48/48 MP: 12/12
  8392 | D:6      | Reached ** piety under Hepliaklqana
  8393 | D:6      | Remembered your ancestor Octavia as a hexer
  8435 | D:6      | Found a shadowy altar of Dithmenos.
  8771 | D:6      | Identified a scroll of acquirement
  8771 | D:6      | Acquired the +2 hat of the Bear Spirit {Spirit, +Rage rN+
                  | MR++}
  8772 | D:6      | Found the +2 hat of the Bear Spirit {Spirit, +Rage rN+
                  | MR++}
  8819 | D:7      | Found a runed translucent door.
  8820 | D:7      | Found a runed translucent gate.
  8820 | D:7      | Found a runed translucent gate.
  8857 | D:7      | Found the +9 staff of Olgreb {rPois∞}
  8931 | D:7      | Found a basalt altar of Yredelemnul.
  9254 | D:7      | Found a runed translucent gate.
  9255 | D:7      | Found a runed translucent door.
  9513 | D:8      | Learned a level 5 spell: Blade Hands
  9518 | D:8      | Learned a level 4 spell: Ice Form
  9553 | D:8      | Reached skill level 1 in Ice Magic
  9553 | D:8      | Gained mutation: You have sharp toenails. [demonic
                  | ancestry]
  9553 | D:8      | Reached XP level 9. HP: 44/53 MP: 13/13
  9681 | D:8      | Found a bloodstained altar of Trog.
  9682 | D:8      | Noticed a two-headed ogre
  9693 | D:8      | Killed a two-headed ogre
 10389 | D:8      | Reached *** piety under Hepliaklqana
 10834 | D:9      | Found Cieqasao's Book Shoppe.
 10850 | D:9      | Noticed Psyche
 10857 | D:9      | Killed Psyche
 10857 | D:9      | Reached XP level 10. HP: 58/58 MP: 8/14
 10976 | D:9      | Found Cuegydde's Jewellery Boutique.
 11324 | D:9      | Reached **** piety under Hepliaklqana
 11480 | D:9      | Found Refrenie's General Store.
 11659 | D:10     | Entered Level 10 of the Dungeon
 11683 | D:10     | Noticed Urug
 11700 | D:10     | Killed Urug
 12004 | D:10     | Reached skill level 10 in Unarmed Combat
 12071 | D:10     | Noticed Sonja
 12137 | D:10     | Found a staircase to the Orcish Mines.
 12254 | D:10     | Noticed Erolcha
 12495 | D:10     | Killed Sonja
 12495 | D:10     | Reached skill level 10 in Transmutations
 12801 | D:11     | Noticed a white ugly thing
 12959 | D:11     | Noticed a skeletal warrior
 12963 | D:11     | Noticed a skeletal warrior
 12963 | D:11     | Noticed a skeletal warrior
 12963 | D:11     | Noticed a skeletal warrior
 13607 | D:11     | Killed a purple ugly thing
 13607 | D:11     | Gained mutation: You have razor-sharp toenails. [demonic
                  | ancestry]
 13607 | D:11     | Reached XP level 11. HP: 63/63 MP: 10/15
 13767 | D:11     | HP: 3/75 [wyvern (10)]
 13767 | D:11     | Mangled by a wyvern

Illustrated notes

Levels and vault maps discovered:
D:1:      eino_arrival_tree_alley, layout_basic, minmay_pentomino_v2
D:2:      layout_basic, kennysheep_slug_shrine, minmay_strange_pillars,
          minmay_misc_feat_five, minmay_unequal
D:3:      layout_loops_ring, chequers_temple_overflow_statue_of_worship,
          serial_undead, serial_undead_f, serial_undead_f, serial_undead_f,
          serial_undead_d, serial_undead_f, serial_undead_d
D:4:      layout_rooms, kennysheep_mini, led_xom_imps, lemuel_temple_firewalk_b
D:5:      minmay_chambers_of_threes, layout_loops_cross, old_standard_altar
D:6:      layout_rooms, marbit_many_paths, nrook_loot_triangle,
          kennysheep_generic_room_11
D:7:      layout_rooms, yredelemnul_altar_generic,
          minmay_guarded_unrand_staff_of_olgreb
D:8:      layout_loops_ring, old_standard_altar
D:9:      layout_stronghold, serial_shops, shop, shop_fountains,
          nicolae_shop_competitors_out_of_business, uniq_psyche
D:10:     layout_roguey, orc_0_dummy, uniq_sonja, uniq_urug, uniq_erolcha
D:11:     layout_irregular_city, minmay_lair_entry_grove, serial_shops, shop,
          nicolae_trove_entry_columns

Skill      XL: |  1  2  3  4  5  6  7  8  9 10 |
---------------+-------------------------------+-----
Transmutations | 2 3 4 5 7 8 10 | 10.5
Unarmed Combat | 3 4 6 7 9 10 | 10.7
Poison Magic   | 1 2 3 |  3.0
Spellcasting   | 3 |  3.0
Ice Magic      | 1 4 |  4.0
Fighting       | |  1.0
Dodging        | |  1.7

Action                   |  1- 3 |  4- 6 |  7- 9 | 10-12 || total
-------------------------+-------+-------+-------+-------++-------
Melee: Whip              |   117 |   205 |    40 |       ||   362
       Headbutt          |     9 |     8 |     3 |       ||    20
       Kick              |     9 |    19 |    19 |    12 ||    59
       Unarmed           |    14 |    71 |   278 |   174 ||   537
       Punch             |     1 |     4 |     1 |     1 ||     7
 Cast: Beastly Appendage |    18 |    18 |     2 |       ||    38
       Spider Form       |     2 |    13 |    41 |     3 ||    59
       Blade Hands       |       |       |     2 |     3 ||     5
       Ice Form          |       |       |       |    14 ||    14
Invok: Ancestor Life: He |       |       |     1 |       ||     1
 Abil: End Transformatio |       |       |     1 |       ||     1
Evoke: Wand              |       |       |     3 |     3 ||     6
  Use: Scroll            |     6 |     9 |     6 |     1 ||    22
       Potion            |       |     2 |       |     3 ||     5
 Stab: Sleeping          |       |     1 |     1 |       ||     2
       Distracted        |       |       |     5 |       ||     5
       Confused          |       |       |     1 |     6 ||     7
       Paralysed         |       |       |       |     1 ||     1
Armor: Robe              |    27 |    69 |    17 |    39 ||   152
       Skin              |       |     2 |     7 |    21 ||    30
Dodge: Dodged            |    98 |   229 |   284 |   122 ||   733

Table legend: (Time is in decaauts)
 A = Elapsed time spent in this place.
 B = Non-inter-level travel time spent in this place.
 C = Inter-level travel time spent in this place.
 D = Time resting spent in this place.
 E = Time spent auto-exploring this place.
 F = Levels seen in this place.
 G = Mean time per level.
                   A        B        C        D        E       F      G
               +--------+--------+--------+--------+--------+-----+--------+
         Total |  13756 |  13294 |    462 |   2069 |   9169 |  11 | 1250.5 |
       Dungeon |  13756 |  13294 |    462 |   2069 |   9169 |  11 | 1250.5 |
               +--------+--------+--------+--------+--------+-----+--------+

Top non-repeatable levels by time:
     D:1: 2453 daAuts
     D:2: 2104 daAuts
    D:10: 1782 daAuts
     D:5: 1377 daAuts
     D:3: 1248 daAuts
     D:8: 1202 daAuts
     D:9: 998 daAuts
     D:4: 959 daAuts
     D:6: 681 daAuts
     D:7: 637 daAuts
    D:11: 312 daAuts
